AoeStats
← 用户1623433

Socotra

505846182Analyzed
4v4 RM · 22d ago on Sep 11, 2026· 23m 32s· 8 players
Game mode
Random Map
Map size
148×148
Population
200
Speed
Normal
Resources
Standard
Victory
Conquest
Starting age
Dark Age
Ending age
Imperial Age
RankedLock teamsTeams togetherTeam positionsShared explorationLock speedFull tech treeHidden civsTurbo modeCheats
Victory
Defeat
🇦🇺 Teutons · Australia
1306
+12
🇮🇩 Hindustanis · Indonesia
1134
+19
🇨🇳 Romans · China
1124
+20
🇩🇪 Franks · Germany
1117
+20
🇨🇳 Khmer · China
1229
-19
🇧🇷 Aztecs · Brazil
1226
-18
🇨🇳 Franks · China
1217
-18
🇩🇪 Magyars · Germany
1158
-16
LmC_Mr.Brown 2001
12:30 Loom
Robbsen7
老牌休闲玩家
1:06 Loom
XZ.Lumber.AX
roran211
6:26 Loom
6:45 Loom
9:17 Feudal Age
10:11 Double-Bit Axe
20:07 Castle Age
19:21 Gold Mining
20:45 Scale Barding Armor
Blinky Bill
0:33 Loom
9:58 Feudal Age
10:39 Double-Bit Axe
11:24 Horse Collar
21:09 Castle Age
20:17 Gold Mining
20:59 Fletching
22:51 Bodkin Arrow
wedus
1:08 Loom
11:27 Feudal Age
21:14 Castle Age
19:12 Horse Collar
19:42 Double-Bit Axe
20:13 Scale Barding Armor
22:27 Bloodlines
22:29 Husbandry
23:27 Light Cavalry
用户1623433
12:08 Feudal Age
20:54 Castle Age
22:11 Fletching
23:12 Bodkin Arrow
Connection lost

Rejoining the realm…

Still unreachable

The connection could not be restored.

Session expired

The server has moved on; the page needs a fresh start.